[Event "3rd Sunway Formentera-A 2024"]
[Site "Formentera"]
[Date "2024.04.17"]
[Round "8.4"]
[White "Dragnev, Valentin"]
[Black "Moussard, Jules"]
[Result "1/2-1/2"]
[ECO "B48"]
[WhiteElo "2571"]
[BlackElo "2610"]
[Annotator "TA"]
[PlyCount "52"]
[EventDate "2024.04.03"]
[EventType "swiss"]
[EventCountry "ESP"]
[SourceTitle "playchess.com"]
[Source "ChessBase"]
[SourceQuality "1"]
[TimeControl "40/5400+30:1800+30"]

1. e4 c5 2. Nf3 e6 3. d4 cxd4 4. Nxd4 Nc6 5. Nc3 Qc7 6. Be3 a6 7. Bd3 b5 8. Nxc6 Qxc6 9. O-O Bb7 10. Qf3 Nf6 11. Bd4 Be7 12. Rfe1 b4 13. Nb1 Qc7 14. Nd2 O-O {[%emt 0:03:08] The position is equal.} 15. Qh3 {[%emt 0:08:30] [#] Hoping for e5.} e5 16. Be3 d6 17. Qg3 Bc8 18. a3 bxa3 19. Rxa3 Be6 20. h3 ({But not} 20. Rxa6 Rxa6 21. Bxa6 Qxc2 $17) 20... a5 21. Bh6 Nh5 22. Qf3 Nf6 23. Qg3 Nh5 24. Qf3 Nf6 25. Qg3 Nh5 26. Qf3 Nf6 {[%emt 0:00:08] An uneventful encounter.   Weighted Error Value: White=0.04 (flawless) /Black=0.02 (flawless) .  Inaccurate:     	White=1     	Black=1      OK:         	White=9     	Black=16} 1/2-1/2

[Event "3rd Sunway Formentera-A 2024"]
[Site "Formentera"]
[Date "2024.04.17"]
[Round "8.5"]
[White "Vantika Agrawal"]
[Black "Raja Rithvik R"]
[Result "0-1"]
[ECO "D46"]
[WhiteElo "2398"]
[BlackElo "2532"]
[Annotator "TA"]
[PlyCount "88"]
[EventDate "2024.04.03"]
[EventType "swiss"]
[EventCountry "ESP"]
[SourceTitle "playchess.com"]
[Source "ChessBase"]
[SourceQuality "1"]
[TimeControl "40/5400+30:1800+30"]

1. d4 Nf6 2. c4 e6 3. Nf3 d5 4. Nc3 c6 5. e3 Nbd7 6. Qc2 Bd6 7. Be2 O-O 8. O-O dxc4 9. Bxc4 b5 10. Be2 Bb7 11. e4 e5 $1 12. dxe5 Nxe5 13. Nd4 Neg4 14. Nf5 {[%emt 0:05:07] The position is equal.} Bxh2+ (14... Nxh2 $2 15. Rd1 Qb8 16. Rxd6 $18) 15. Kh1 Bb8 16. Bg5 Bc8 $1 17. Rad1 (17. Bxg4 Qc7 18. g3 (18. Bf4 $2 Qxf4 19. g3 Qxg4 $19) 18... Nxg4 $15) 17... Qc7 18. Nd6 Be6 19. e5 Nxe5 20. Bxf6 gxf6 21. f4 Ng6 22. Nce4 {[%emt 0:01:49] Excellent horsemanship.} Qe7 23. Qc3 (23. Qxc6 f5 24. Ng5 (24. Nxf5 $2 Bxf5 25. Nf6+ Kh8 $19) 24... Nxf4 25. Rxf4 Qxg5 $17) (23. f5 Bd5 24. fxg6 fxg6 (24... Bxd6 $2 25. Nxf6+ Kg7 26. gxf7 $18) 25. Bxb5 (25. Rxd5 cxd5 26. Nxf6+ Kh8 $17) 25... Bxd6 26. Bxc6 Bxe4 27. Qxe4 Qxe4 28. Bxe4 Rad8 $14) 23... b4 (23... Bxa2 $2 {perishes.} 24. Nxf6+ $18 (24. Qxf6 $2 {too greedy.} Bxd6 25. Rxd6 Qxe4 $19) (24. Qxf6 $2 Bxd6 25. Rxd6 Qxe4 $19)) 24. Qxf6 {[%emt 0:02:15] [#] Hoping for f5.} Bxd6 25. Rxd6 {[%emt 0:03:25] f5 would now be deadly.} Bxa2 26. Bf3 Bd5 27. Qxe7 Nxe7 28. Nf6+ Kg7 {[%emt 0:01:16] And now ...Nf5 would win.} 29. Nxd5 cxd5 30. Re1 Rfe8 31. Rd7 Kf8 32. Ra1 a5 33. Kg1 Ra6 34. Be2 {[%emt 0:02:48] [#]} ({White should play} 34. Rb7 $15) 34... Rf6 $1 $17 35. Rxa5 $2 {[%emt 0:00:48][%mdl 8192] Now White is beyond hope.} (35. Bh5 $17) 35... Nc6 $1 $19 ({Less strong is} 35... Rxf4 36. Bh5 $17) 36. Raxd5 Rxe2 37. b3 Rxf4 {[%emt 0:00:40] White must now prevent ...Ne5.} 38. Rc7 Ne5 {[%emt 0:00:52] Threatens to win with ...Re1+.} 39. Rc8+ Kg7 {[%emt 0:00:25] aiming for ...Re1+.} 40. Rd1 Rff2 41. Kh1 Ng4 {[%emt 0:03:13][%cal Og4e3] ( -> ...Ne3!)} 42. Rg1 Rf6 {[%emt 0:00:27][%cal Rf6h6] Black mates.} 43. Rgc1 Rh6+ 44. Kg1 Ne3 {[%emt 0:00:07] Weighted Error Value: White=0.73/Black=0.03 (flawless) .  Loses game:     	White=1     	---        Mistake:       	White=1     	---        OK:         	White=10    	Black=15     Best:        	White=4     	Black=2      Strong:       	---       	Black=3} 0-1

[Event "3rd Sunway Formentera-A 2024"]
[Site "Formentera"]
[Date "2024.04.17"]
[Round "8.6"]
[White "Colbow, Collin"]
[Black "Balakrishnan, Praveen"]
[Result "1-0"]
[ECO "B76"]
[WhiteElo "2376"]
[BlackElo "2500"]
[Annotator "TA"]
[PlyCount "149"]
[EventDate "2024.04.03"]
[EventType "swiss"]
[EventCountry "ESP"]
[SourceTitle "playchess.com"]
[Source "ChessBase"]
[SourceQuality "1"]
[TimeControl "40/5400+30:1800+30"]

1. e4 c5 2. Nf3 g6 3. d4 cxd4 4. Nxd4 Nc6 5. Nc3 Bg7 6. Be3 Nf6 7. Bc4 O-O 8. Bb3 d6 9. f3 Qa5 {[%emt 0:01:36] B76: Sicilian Dragon: Yugoslav Attack, 9 g4 and 9 0-0-0.} 10. Qd3 Nd7 $146 ({Predecessor:} 10... Bd7 11. O-O-O Rfc8 12. Nxc6 Rxc6 13. Kb1 Be6 14. Bd4 Rac8 15. Qb5 Qa6 16. h4 Bxb3 17. cxb3 {½-½ Paravyan,D (2592)-Schekachikhin,M (2367) Cheliabinsk Panchenko Memorial op-A 2022 (6)}) 11. O-O-O Nc5 12. Qd2 Nxd4 13. Bxd4 Nxb3+ 14. cxb3 Be6 15. Kb1 Bxd4 16. Qxd4 Rfc8 17. h4 Qe5 18. Qd2 Rc5 19. h5 Rac8 20. Ka1 g5 21. h6 b5 22. b4 Rxc3 23. bxc3 Rxc3 24. Qb2 f6 25. Kb1 Kf7 26. Rd2 Bc4 27. Rhd1 Kg6 28. Rh1 Bd3+ 29. Ka1 Bc4 30. Kb1 Bd3+ 31. Ka1 Qd4 32. Rhd1 Qc4 33. g3 g4 34. fxg4 Bxe4 35. Rd4 Qc6 36. g5 f5 37. g4 d5 (37... Kxg5 $2 38. Qd2+ (38. gxf5 Rc2 $11) 38... Kf6 $18 (38... Kxg4 $2 39. Rg1+ Rg3 40. Qe2+ Kf4 41. Qf2+ Ke5 42. Qxg3+ $18)) 38. gxf5+ Kxf5 39. g6 Rc2 $2 (39... Kxg6 $11 40. Rg1+ Kf7 41. Rf1+ Ke6) 40. Qa3 $2 (40. gxh7 $2 Rxb2 41. Rf1+ Kg6 $19 (41... Rf2 $2 42. Rxf2+ Kg6 43. h8=N+ $19) (41... Rf2 $2 42. Rxf2+ Kg6 43. h8=N+ $19)) (40. Rxd5+ $1 $18 Bxd5 41. Rxd5+ Qxd5 42. Qxc2+ Kg4 43. g7 (43. gxh7 Qd4+ 44. Kb1 Qxb4+ 45. Kc1 Qf4+ 46. Kd1 Qd4+ 47. Ke1 Qg1+ 48. Kd2 Qh2+ 49. Kc3 Qe5+ 50. Kb4 Kh4 $18) 43... Qe5+ 44. Kb1 Qe1+ 45. Kb2 Qxb4+ 46. Qb3 Qd2+ 47. Kb1 Qe1+ 48. Kc2 Qe4+ 49. Kb2 Qe5+ 50. Ka3 Qd6+ 51. Qb4+ Kh5 52. Qxd6 (52. g8=R Qd3+ 53. Qb3 Qd6+ 54. Kb2 Qf6+ 55. Kc2 Qf2+ 56. Kd3 Qf5+ 57. Kd4 Qf6+ 58. Ke4 Qc6+ 59. Qd5+ Qxd5+ 60. Kxd5 Kxh6 $18)) 40... Qxg6 41. Qxa7 Qg2 42. Qa8 $1 (42. Qxe7 $2 Rxa2#) 42... Ke6 (42... Ke5 $5) 43. Qa3 Kf7 44. Qb3 $1 Kf6 45. Re1 $2 (45. R4d2 $1 $11 Rxd2 46. Qc3+ d4 47. Qxd2 Qxd2 48. Rxd2) 45... Rf2 $2 (45... e6 $1 $19 {Threatens to win with ...Qf2.} 46. Rdd1 Qh2 47. Rf1+ Ke7) 46. Rdd1 $11 Qg5 47. Qc3+ Qe5 $1 48. Rd4 Kf7 (48... Ke6 $11) 49. Qe3 ({White should play} 49. Rc4 $14 Qg5 (49... Qxc3+ 50. Rxc3 Rf6 51. Rc5 $14) 50. Rc7) 49... Qf6 $15 (49... Qh2 50. Qb3 e6 51. Qa3 $17) 50. Red1 Bc2 51. R1d2 {[%emt 0:00:28] [#]} Rf1+ $1 52. Kb2 {[%emt 0:00:05] [#]} Be4 (52... Bg6 $1 $17 {( -> ...Rb1+)} 53. a4 bxa4) 53. a3 $11 Rf3 54. Qg1 $1 ({But not} 54. Qe2 Qxh6 55. R2d3 Rxd3 56. Rxd3 Bxd3 57. Qxd3 Qf6+ 58. Kb3 h5 $17) 54... Bg6 (54... Qxh6 $5 55. Rf2 $8 Qf6 (55... Rxf2+ 56. Qxf2+ Ke8 57. Qf1 $11) 56. Rxf3 Qxf3 $11) 55. Ka2 Rf1 (55... Qa6 $5 56. Qc1 $8 (56. Rxd5 $2 Qxa3#) 56... Bf5 $11) 56. Qg2 Rf3 57. Qg4 (57. Rxd5 $2 {perishes.} Qc3 $19) 57... e6 58. Kb2 Re3 59. Qf4 Bf5 $2 (59... Qxf4 $11 60. Rxf4+ Ke7) 60. Qxe3 $18 Qg6 61. Qe5 Qh5 62. Qc7+ Ke8 63. Qc8+ Ke7 64. Qc7+ Ke8 65. Rg2 Bg6 66. Qc8+ Ke7 67. Qc7+ Ke8 68. Rf4 Qxh6 69. Qc8+ Ke7 70. Qc7+ Ke8 71. Qe5 Qh3 72. Re2 Kd7 73. Rf6 Be4 74. Rf7+ Ke8 75. Qg7 1-0

[Event "3rd Sunway Formentera-A 2024"]
[Site "Formentera"]
[Date "2024.04.17"]
[Round "8.7"]
[White "Stark, John"]
[Black "Prado, Alexandra"]
[Result "0-1"]
[ECO "E90"]
[WhiteElo "1954"]
[BlackElo "1839"]
[Annotator "TA"]
[PlyCount "74"]
[EventDate "2024.04.03"]
[EventType "swiss"]
[EventCountry "ESP"]
[SourceTitle "playchess.com"]
[Source "ChessBase"]
[SourceQuality "1"]
[TimeControl "40/5400+30:1800+30"]

1. c4 g6 2. d4 Nf6 3. Nc3 Bg7 4. e4 d6 5. h3 Nbd7 6. Nf3 a5 (6... e5 $11 {remains equal.}) 7. Bg5 (7. e5 $16) 7... e5 8. d5 h6 {[%emt 0:00:11][%cal Bh7h6,Bh6h5,Bh5h4][%mdl 32] White is slightly better.} 9. Be3 h5 10. Be2 Bh6 11. Qd2 Bxe3 12. Qxe3 h4 13. Nd2 Nc5 14. Nb3 b6 15. Nxc5 bxc5 16. f4 exf4 17. Qxf4 Nh5 (17... Nd7 $11 {keeps the balance.}) 18. Bxh5 $16 Rxh5 19. O-O Qe7 20. Rf2 Bd7 21. Raf1 f5 (21... Rh7 $142) 22. exf5 ({White should try} 22. Re2 $16 {aiming for exf5.} O-O-O (22... g5 $2 23. Qd2 $18) 23. exf5) 22... Rxf5 $11 23. Qd2 O-O-O 24. Rxf5 gxf5 25. Nd1 Rg8 26. Qxa5 Kb7 {[%emt 0:00:40] Dodges Qa8+} 27. Rf3 (27. Qe1 $11 Qg5 28. Qf2) 27... Rg3 $1 $15 {[%emt 0:04:00][%mdl 1024] ...Qe2 would now be deadly. Black has compensation.} 28. Qc3 (28. Qd2 $15) 28... Qe2 $17 29. Nf2 {[%emt 0:05:37] [#]} f4 $40 {[%emt 0:00:29][%cal Od7h3][%mdl 128] Strongly threatening ...Bxh3! Black has strong attack.} 30. Qb3+ Kc8 {[%emt 0:00:23][%cal Bb7c8,Bc8d7,Bd7d8][%mdl 32] White must now prevent ...Qe1+. Black has more active pieces.} 31. Qa3 $2 {[%emt 0:03:18][%mdl 8192] [#]} (31. Qd1 $17 Qxb2 (31... Qxc4 32. Kh2 $17) 32. Qf1 (32. Rxf4 Bxh3 33. Qa4 Rxg2+ 34. Kh1 Qc1+ 35. Nd1 Qxf4 $11) 32... Rxf3 (32... Qxa2 33. Rxf4 Rb3 34. Kh2 $11) 33. gxf3) 31... Bxh3 $1 $19 32. Kh2 (32. Qa8+ Kd7) 32... Bxg2 $2 ({Black should play} 32... Qf1 $19 33. Qa8+ Kd7 34. Rxg3 hxg3+ 35. Kxh3 gxf2 36. Qc6+ Kd8 37. Qa8+ Ke7) 33. Qa8+ $11 Kd7 34. Qc6+ Kd8 35. Rxf4 {[%emt 0:00:21] Intending Rf8+ and mate.} Rf3 {[%emt 0:00:31] Chess con chili.} (35... Qxb2 36. Rf8+ Ke7 37. Qe8#) 36. Re4 {[%emt 0:01:38][%mdl 8192] [#]} (36. Rxh4 $2 {too greedy.} Qe5+ (36... Qxf2 $2 {loses.} 37. Rh8+ Rf8 38. Rxf8+ Qxf8 39. Qa8+ Ke7 40. Qxf8+ Kxf8 41. Kxg2 $18) (36... Qxb2 $2 37. Qa8+ Ke7 38. Re4+ $18) 37. Kg1 Bh3 (37... Qxb2 $2 38. Qa8+ Ke7 39. Re4+ $18) (37... Qe1+ $2 38. Kh2 $19) 38. Qa8+ Bc8 $19) (36. Qa8+ $11 Kd7 37. Rf8 (37. Rxh4 Qe5+ 38. Kg1 Qe1+ 39. Kh2 Qe5+ 40. Kg1 Qe1+ 41. Kh2 Qe5+ $11) (37. Re4 Rh3+ 38. Kxg2 Rg3+ 39. Kh2 Qxf2+ 40. Kh1 Rh3#) 37... Rxf8 (37... Rxf2 38. Qd8#) 38. Qxf8) 36... Rh3+ $3 37. Nxh3 Bxe4+ {[%emt 0:00:15] Weighted Error Value: White=0.75/Black=0.30.  Loses game:     	White=2     	---        Mistake:       	White=4     	Black=2      Inaccurate:     	White=3     	Black=2      OK:         	White=8     	Black=10     Best:        	White=2     	Black=3      Strong:       	---       	Black=1      Brilliant:      	---       	Black=2} 0-1

[Event "3rd Sunway Formentera-A 2024"]
[Site "Formentera"]
[Date "2024.04.17"]
[Round "8.8"]
[White "Schulman, Julia"]
[Black "Anishka Vikram"]
[Result "0-1"]
[ECO "B76"]
[WhiteElo "1732"]
[BlackElo "2036"]
[Annotator "TA"]
[PlyCount "112"]
[EventDate "2024.04.03"]
[EventType "swiss"]
[EventCountry "ESP"]
[SourceTitle "playchess.com"]
[Source "ChessBase"]
[SourceQuality "1"]
[TimeControl "40/5400+30:1800+30"]

1. e4 c5 2. Nf3 d6 3. d4 cxd4 4. Nxd4 Nf6 5. Nc3 g6 6. Be3 Bg7 7. f3 O-O 8. Qd2 Nc6 9. g4 Be6 10. Nxe6 fxe6 11. O-O-O Ne5 12. Be2 Qc8 13. h4 {[%emt 0:00:44][%cal Bh2h4,Bh4h5][%mdl 32] Black should prevent h5.} Nfd7 14. h5 (14. f4 {simplifies} Nc4 15. Bxc4 Qxc4 16. e5) 14... Nxf3 {[%emt 0:19:53] The position is equal.} 15. Nd5 exd5 (15... Nxd2 $11 16. Nxe7+ Kf7 17. Nxc8 Raxc8 18. Rxd2 (18. Kxd2 Bxb2 19. hxg6+ hxg6 $11) (18. Bxd2 Nc5 $14) 18... Ke7) 16. Qxd5+ $16 Rf7 {[%emt 0:00:44] And now ...Nde5 would win.} ({Don't blunder} 16... Kh8 $2 17. hxg6 Nf6 18. Rxh7+ Nxh7 19. Qh5 $18) 17. hxg6 hxg6 18. Bxf3 {[%emt 0:02:49] This pair of bishops is nice.} Qc6 {[%emt 0:13:58] [#]} 19. e5 $1 Nxe5 {[%emt 0:05:38] [#]} 20. Qxf7+ Nxf7 (20... Kxf7 21. Bxc6) 21. Bxc6 bxc6 22. b3 e5 23. c4 Rd8 24. a4 (24. Rh2 $142) 24... Rd7 25. Rhe1 d5 26. Kb1 (26. b4 $16) 26... d4 $1 $11 27. Bc1 c5 28. Ba3 Rc7 29. Kc2 Nd6 30. Kd3 Kf7 {[%emt 0:03:06][%mdl 1024] Black has compensation.} 31. Rd2 a5 32. Rde2 Ke6 33. Rh2 $2 {[%emt 0:01:21] [#]} (33. Kc2 $11) 33... Rb7 $1 $19 34. Rb2 Rc7 ({Better is} 34... e4+ $19 35. Rxe4+ Nxe4 36. Kxe4 Kd6) 35. Rh2 $11 Rb7 $2 (35... e4+ $11 36. Rxe4+ Nxe4 37. Kxe4 Kd6) 36. Rb2 $1 $19 e4+ 37. Rxe4+ Nxe4 38. Kxe4 {[%emt 0:00:04][%mdl 4096] Endgame. KRB-KRB} Kd6 39. Kd3 Be5 40. Rb1 Rh7 ({Black should try} 40... Rf7 $19 {...Rf3+ would now be deadly.} 41. Ke2 Rh7) 41. Ke4 $17 Bf6 (41... Rh2 $17 {...Re2+ is the strong threat.} 42. Re1 Rh3) 42. Rd1 $2 {[%emt 0:06:34] [#]} ({White must play} 42. Bc1 $15) 42... Re7+ $1 $19 43. Kd3 Re3+ 44. Kc2 Rc3+ 45. Kb2 Rg3 46. Rf1 Bg5 47. Rd1 Rxg4 48. Rd3 (48. Rh1 $142) 48... Be3 {[%emt 0:01:04] Hoping for ...g5.} 49. Kc2 Rg2+ {[%emt 0:00:09] Black mates.} 50. Kb1 Rg1+ 51. Kc2 g5 52. Bb2 g4 53. b4 axb4 54. a5 Kc6 55. Rxe3 dxe3 56. Kd3 {[%emt 0:00:17] [#]} e2 $1 {[%emt 0:00:17] Never resign too early!   Weighted Error Value: White=0.47/Black=0.11 (very precise) .  Loses game:     	White=2     	---        Missed win:     	---       	Black=1      Mistake:       	White=3     	Black=4      Inaccurate:     	White=2     	Black=1      OK:         	White=11    	Black=16     Best:        	White=4     	Black=3      Strong:       	White=1     	Black=3      Brilliant:      	White=1     	---} 0-1

[Event "3rd Sunway Formentera-A 2024"]
[Site "Formentera"]
[Date "2024.04.17"]
[Round "8.9"]
[White "Svensen, Tarjei Joten"]
[Black "Botez, Alexandra"]
[Result "0-1"]
[ECO "E62"]
[WhiteElo "2054"]
[BlackElo "1970"]
[Annotator "TA"]
[PlyCount "150"]
[EventDate "2024.04.03"]
[EventType "swiss"]
[EventCountry "ESP"]
[SourceTitle "playchess.com"]
[Source "ChessBase"]
[SourceQuality "1"]
[TimeControl "40/5400+30:1800+30"]

1. d4 Nf6 2. c4 g6 3. Nc3 Bg7 4. g3 d6 5. Bg2 O-O 6. Nf3 c6 7. h3 Qc7 8. O-O e5 9. e4 a5 {[%emt 0:00:24] E62: King's Indian: Fianchetto: 6...c6 and Panno Variation (6...Nc6) without ...a6.} 10. Be3 Na6 11. b3 Rb8 $146 ({Predecessor:} 11... Nd7 12. Qc2 Nb4 13. Qd2 exd4 14. Nxd4 Nc5 15. Rab1 Ne6 16. Rfd1 Rd8 17. Nde2 Na6 {1-0 Leski,M (2430)-Robinson,R Continental op 1993}) 12. Qe2 exd4 13. Bxd4 Re8 14. Qb2 Nb4 15. Rad1 Nh5 16. Bxg7 Nxg7 17. Qd2 Rd8 18. a3 Na6 19. e5 Ne8 20. Ne4 Qe7 21. Qxa5 Bf5 22. Nxd6 Nxd6 23. exd6 Rxd6 24. Rfe1 Rxd1 25. Rxd1 Qf6 26. Ne1 ({White should try} 26. b4 $18) 26... Re8 27. Qb6 Qc3 (27... Rb8 $16 28. g4 Be6) 28. Nf3 $18 Bxh3 (28... Bc2 $142 29. Rd7 Bxb3 30. Rxb7 (30. Qxb7 Nc5 $17) 30... Bxc4 31. Qxc6 Re2) 29. Qxb7 $1 $18 (29. Bxh3 Qxf3 30. Rd8 Rxd8 31. Qxd8+ Kg7 32. Qd4+ Qf6 33. Qxf6+ Kxf6) 29... Bxg2 $2 (29... Nc5 {was necessary.} 30. Qc7 (30. Qxc6 Rc8 $18) 30... Bxg2 31. Kxg2 Nxb3 32. Qxc6 Rf8) 30. Kxg2 $18 Nb8 31. Rd4 Rf8 (31... Qa5 $142 32. Rf4 Rf8) 32. Re4 Qd3 33. Re3 Qd6 34. b4 Nd7 35. Qa7 f6 36. Qd4 Qxd4 37. Nxd4 Ne5 38. c5 Ra8 $2 (38... Kf7 39. Re4 Re8) 39. f4 Nc4 40. Rc3 Nxa3 41. Nxc6 Nb5 42. Rd3 Ra2+ 43. Kf3 Kf7 44. Rd7+ Ke6 45. Rb7 Ra3+ 46. Kf2 Nc3 47. Nd4+ $1 (47. Rxh7 Ne4+ 48. Kf1 Kd5 $16) 47... Kd5 48. Rd7+ Ke4 (48... Kc4 $142 49. c6 Nb5 50. Nxb5 Kxb5) 49. Nc2 (49. c6 $142 Nd5 50. Nb5) 49... Ra2 $18 50. Rd2 $1 Ra6 $2 (50... Rb2 $16 51. c6 Nb5 52. Re2+ Kd3 53. Ne1+ Kc3 54. Rxb2 Kxb2) 51. Rd4+ $18 Kf5 52. Rc4 Ne4+ (52... Nb5 $142 53. Nd4+ Nxd4 54. Rxd4 Ke6) 53. Ke3 $18 Nxg3 54. c6 (54. Kf3 $142 Ke6 55. b5 (55. Kxg3 Kd7 $18)) 54... Kg4 55. Nd4 (55. Kd3 $142 Nf5 56. Ne3+ (56. b5 Rb6 $18) 56... Kh3 57. Nxf5 Ra3+ 58. Rc3) 55... Ra3+ $18 56. Kd2 Ne4+ 57. Kc2 Nd6 58. c7 Ra8 (58... Nc8 $142 59. f5 Ra6) 59. Rc6 $18 Rc8 60. Rxd6 (60. b5 $142) 60... Rxc7+ $18 61. Kd3 Kxf4 62. Ne6+ $2 ({Don't play} 62. Rxf6+ Kg4 63. b5 Kh5) (62. b5 $18) 62... Ke5 $16 {[%emt 0:00:10] [#]} 63. Ra6 $1 Rc1 {[%emt 0:00:24] [#]} 64. Nc5 (64. Nf8 $1 $18) 64... f5 $2 (64... h5 $16) 65. Nb3 $18 Rc8 66. Ra5+ $2 (66. b5 $18 {and the rest is easy.}) 66... Kf4 $16 67. b5 Kg3 $2 (67... Rb8 $16) 68. b6 $18 Rb8 69. Rb5 f4 $2 (69... h5 70. Nd4 Rb7) 70. b7 $2 (70. Nc5 $18 {is the precise move to win. Hoping for b7.} h5 71. Ke2) 70... h6 $2 (70... f3 $16 71. Nd2 Kg2) 71. Na5 (71. Nc5 $142 f3 72. Ke3) 71... f3 $18 72. Nc6 $4 (72. Nc4 $18) 72... f2 $19 73. Ke2 Kg2 $1 74. Rb1 Rxb7 $1 75. Rc1 Rb2+ 0-1

[Event "3rd Sunway Formentera-A 2024"]
[Site "Formentera"]
[Date "2024.04.17"]
[Round "8.10"]
[White "Mekhane, Adam"]
[Black "Kazarian, Anna-Maja"]
[Result "0-1"]
[ECO "C03"]
[WhiteElo "2307"]
[BlackElo "2207"]
[Annotator "TA"]
[PlyCount "122"]
[EventDate "2024.04.03"]
[EventType "swiss"]
[EventCountry "ESP"]
[SourceTitle "playchess.com"]
[Source "ChessBase"]
[SourceQuality "1"]
[TimeControl "40/5400+30:1800+30"]

1. e4 e6 2. d4 d5 3. Nd2 Be7 4. c3 c5 5. dxc5 Nf6 6. exd5 {[%emt 0:00:42] C03: French Tarrasch: Unusual Black 3rd moves.} Qxd5 7. b4 a5 8. Ngf3 Nc6 9. Bc4 Qh5 10. b5 $146 ({Predecessor:} 10. Rb1 e5 11. Qe2 e4 12. Nd4 Bg4 13. Qe3 Ne5 14. Bb5+ Kf8 15. O-O Nd5 16. Qxe4 Nxc3 17. Qxb7 Rd8 18. Rb3 axb4 19. c6 Rxd4 20. c7 Nxb5 21. Qb8+ Bd8 {1-0 Sanal,V (2490)-Savchenko,B (2562) Wch Blitz St Petersburg 2018 (6)}) 10... Ne5 11. a4 (11. O-O {simplifies} Nxf3+ 12. Qxf3 Qxf3 13. Nxf3 Bxc5 14. Be2) 11... Bxc5 (11... Nxf3+ {simplifies} 12. Qxf3 Qxf3 13. gxf3 Bxc5 14. O-O O-O) 12. O-O Nxc4 (12... Nxf3+ $11 13. Qxf3 Qxf3 14. gxf3 Ke7) 13. Nxc4 $14 Nd5 14. Ba3 Bxa3 15. Rxa3 O-O 16. Qd4 f6 17. Rd1 g5 18. Nb6 (18. Nd6 $16) 18... Nf4 $2 {[%emt 0:02:29] [#]} (18... Nxb6 $11 {and Black has nothing to worry.} 19. Qxb6 g4) 19. Qe3 $2 (19. Nxa8 $2 Ne2+ 20. Kh1 Nxd4 21. cxd4 e5 22. dxe5 Bg4 $19) ({White has to play} 19. Qd6 $1 $18 e5 (19... Qg4 $2 20. Ne1 $18) 20. c4 (20. Nxa8 Bh3 $18)) 19... Qg4 $14 20. g3 $1 (20. Nxa8 $2 Qxg2#) 20... Rb8 $1 21. Kh1 Nh3 22. Rd4 ({White should play} 22. c4 $14) 22... Qf5 $11 23. Ra1 (23. Rd6 {feels hotter.} e5 24. Kg2 g4 25. Nd2) 23... e5 24. Rd2 Be6 25. Ng1 Rbd8 26. Rad1 $2 (26. Nxh3 $11 Rxd2 (26... Qxh3 27. Kg1 $14) 27. Qxd2 Qf3+ 28. Kg1 Bxh3 29. Qd5+ Qxd5 30. Nxd5) 26... Rxd2 $19 27. Rxd2 Qb1 28. f3 g4 (28... Qc1 $142 29. Rd3 Qf1) 29. fxg4 Bxg4 (29... Kg7 $142 30. Kg2 Nxg1) 30. Rg2 $2 (30. Kg2 Nxg1 31. Qxg1 Qe4+ 32. Kf1) 30... e4 $19 31. Nc4 Bf3 32. Nd2 Bxg2+ (32... Qc1 $142 33. b6 Rd8 (33... Bxg2+ $2 34. Kxg2 Nxg1 35. Qd4 $19) 34. Ndxf3 Qxe3) 33. Kxg2 $19 Qxg1+ 34. Qxg1 Nxg1 35. Kxg1 f5 36. Nc4 Kf7 37. Nd6+ $2 (37. Nxa5 Ra8 38. Nxb7 Rxa4 39. Nd8+ Ke7 40. Nc6+ Kd6 41. Nd4) 37... Ke6 $19 38. Nxb7 Kd5 39. Nxa5 e3 40. Kf1 {[%emt 0:00:00] [#]} f4 $1 41. gxf4 Rxf4+ 42. Ke2 Rxa4 43. Nc6 Ke4 44. Nb4 Ra5 45. b6 Rb5 46. Nd3 Rxb6 47. Nc5+ Kd5 48. Nd3 Rh6 (48... Rb3 $142 49. Kxe3 Rxc3) 49. h3 Ke4 ({Weaker is} 49... Rxh3 50. Nf4+ Kc4 51. Nxh3 $11) 50. Nc5+ Kf5 51. Kxe3 Rxh3+ 52. Kd4 h5 53. c4 h4 54. Ne4 Rf3 55. Nd6+ Kg4 56. c5 h3 57. c6 h2 58. c7 Rf8 (58... h1=R 59. c8=Q+ (59. c8=B+ $2 Kg5 $19) 59... Kg3 60. Ne4+ Kf4 61. Qc7+ Kf5 62. Qf7+ Kg4 63. Qg6+ Kh4 64. Qg5+ Kh3 65. Qh5+ Kg2 66. Qg4+ Kh2 67. Qxf3) 59. Ne4 Kf4 60. Nf2 Kf3 61. Nh1 Kg2 0-1

[Event "3rd Sunway Formentera-A 2024"]
[Site "Formentera"]
[Date "2024.04.17"]
[Round "8.11"]
[White "Sereinig, Eduard"]
[Black "Botez, Andrea"]
[Result "0-1"]
[ECO "B38"]
[WhiteElo "1990"]
[BlackElo "1879"]
[Annotator "TA"]
[PlyCount "90"]
[EventDate "2024.04.03"]
[EventType "swiss"]
[EventCountry "ESP"]
[SourceTitle "playchess.com"]
[Source "ChessBase"]
[SourceQuality "1"]
[TimeControl "40/5400+30:1800+30"]

1. e4 c5 2. Nf3 g6 3. d4 cxd4 4. Nxd4 Bg7 5. c4 Nc6 6. Be3 Qb6 7. Nb3 Qd8 8. Nc3 Bxc3+ 9. bxc3 {[%emt 0:03:20] The position is equal.} Nf6 10. f3 d6 11. Be2 (11. Bh6 $14) 11... O-O $11 12. O-O b6 13. a4 Qc7 14. a5 {[%emt 0:03:57] [#] axb6 is the strong threat.} Bd7 15. Qd2 Rfc8 16. Qa2 bxa5 17. Nxa5 (17. c5 {with more complications.} d5 18. Ba6 dxe4 19. Bxc8 Bxc8 20. fxe4 Ba6 21. Rf4) 17... Be6 18. Nxc6 Qxc6 19. Rfb1 Bxc4 20. Bxc4 Qxc4 21. Qxc4 Rxc4 22. Rb7 Kf8 23. Ra3 a5 24. Kf2 Ke8 25. Ke2 Nd7 26. Kd2 Kd8 27. Rb5 a4 28. Kd3 Rc6 29. f4 {[%emt 0:00:45] Wards off Ne5+} Rca6 30. Bd4 Kc7 31. Rb4 Nb8 32. Be3 Nc6 33. Rb2 f5 34. g3 e6 35. exf5 gxf5 36. Re2 e5 37. fxe5 dxe5 38. Kc4 $2 {[%emt 0:00:19] [#] White does not recover from this.} (38. Rf2 $15) 38... Na5+ $19 39. Kb5 Nb3 (39... Nb7 $142 {( -> ...Nd6+)} 40. Kc4 Nd6+ 41. Kd3 Nb5) 40. Rf2 $2 (40. c4) 40... Rc6 41. Rxb3 Rb8+ {[%emt 0:04:52] Black mates.} 42. Ka5 axb3 43. Bc1 Rxc3 44. Bb2 Rc2 45. Bxe5+ Kc6 {[%emt 0:00:20] Weighted Error Value: White=0.42/Black=0.10 (very precise) .  Loses game:     	White=1     	---        Mistake:       	White=2     	Black=1      Inaccurate:     	White=3     	Black=1      OK:         	White=12    	Black=16     Best:        	---       	Black=2} 0-1